MWL (24 & UNDER)
CINCINNATI PRIDE @ BEMIDJI BENDERS
08/23/2023
 
TOP OF THE 1ST
Cincinnati Pride batting - Pitching for Bemidji Benders : RHP David Nanod
Pitching: RHP David Nanod
Batting: RHB Roberto Chávez 0-0: Fly out, F7 (Flyball, 7D)
Batting: RHB Leonardo Pinto 0-0: Fly out, F3 (Line Drive, 3)
Batting: SHB Nick Marshall 0-0: Called Strike
0-1: Ball
1-1: Ball
2-1: Foul Ball, location: 2F
2-2: Foul Ball, location: 2F
2-2: Strikes out swinging
Top of the 1st over - 0 run(s), 0 hit(s), 0 error(s), 0 left on base; Cincinnati 0 - Bemidji 0
BOTTOM OF THE 1ST
Bemidji Benders batting - Pitching for Cincinnati Pride : RHP Jesús Martínez
Pitching: RHP Jesús Martínez
Batting: RHB António López 0-0: Foul Ball, location: 2F
0-1: DOUBLE (Flyball, 78M)
Batting: RHB Gabriel Stout 0-0: Ball
1-0: Foul Ball, location: 2F
1-1: Ball
2-1: Ball
3-1: SINGLE (Line Drive, 89S)
António López to third
Batting: SHB Edgardo Osorio 0-0: Called Strike
0-1: Called Strike
0-2: Ball
Gabriel Stout is caught stealing 2nd base
1-2: SINGLE (Groundball, 4M)
António López scores
Batting: RHB Alfredo López 0-0: Ball
1-0: Called Strike
1-1: Ground out 5-3 (Groundball, 56S)
Edgardo Osorio to second
Batting: RHB Juan Costello 0-0: Ball
1-0: Called Strike
1-1: Swinging Strike
1-2: Strikes out looking
Bottom of the 1st over - 1 run(s), 3 hit(s), 0 error(s), 1 left on base; Cincinnati 0 - Bemidji 1
TOP OF THE 2ND
Cincinnati Pride batting - Pitching for Bemidji Benders : RHP David Nanod
Batting: LHB Ricardo Brandariz 0-0: Ball
1-0: SINGLE (Line Drive, 8LS)
Batting: RHB Gabriel Villegas 0-0: Swinging Strike
0-1: Swinging Strike
0-2: Strikes out swinging
Batting: RHB Wilson Flores 0-0: Fielders Choice at 2nd, 5-4 (Groundball, 56)
Batting: RHB António Flores 0-0: Ball
1-0: Swinging Strike
1-1: Ball
2-1: Ball
3-1: Swinging Strike
3-2: Foul Ball, location: 2F
3-2: Strikes out swinging
Top of the 2nd over - 0 run(s), 1 hit(s), 0 error(s), 1 left on base; Cincinnati 0 - Bemidji 1
BOTTOM OF THE 2ND
Bemidji Benders batting - Pitching for Cincinnati Pride : RHP Jesús Martínez
Batting: RHB Javier Hernández 0-0: Called Strike
0-1: Ground out 4-3 (Groundball, 4)
Batting: RHB Ángel Garza 0-0: Foul Ball, location: 2F
0-1: Ball
1-1: Called Strike
1-2: Strikes out looking
Batting: RHB Roberto Solís 0-0: Called Strike
0-1: Ball
1-1: Foul Ball, location: 2F
1-2: Ball
2-2: Ball
3-2: Strikes out looking
Bottom of the 2nd over - 0 run(s), 0 hit(s), 0 error(s), 0 left on base; Cincinnati 0 - Bemidji 1
TOP OF THE 3RD
Cincinnati Pride batting - Pitching for Bemidji Benders : RHP David Nanod
Batting: RHB Larry Booth 0-0: Called Strike
0-1: Called Strike
0-2: Foul Ball, location: 2F
0-2: Strikes out swinging
Batting: RHB Norris Howard 0-0: Called Strike
0-1: Fly out, F7 (Flyball, 78M)
Batting: RHB Roberto Chávez 0-0: Foul Ball, location: 2F
0-1: Ball
1-1: Swinging Strike
1-2: Strikes out swinging
Top of the 3rd over - 0 run(s), 0 hit(s), 0 error(s), 0 left on base; Cincinnati 0 - Bemidji 1
BOTTOM OF THE 3RD
Bemidji Benders batting - Pitching for Cincinnati Pride : RHP Jesús Martínez
Batting: RHB Júlio Valdés 0-0: Ball
1-0: Ball
2-0: Called Strike
2-1: Called Strike
2-2: Strikes out swinging
Batting: RHB António López 0-0: Called Strike
0-1: Ball
1-1: Hit by Pitch
Batting: RHB Gabriel Stout 0-0: Fly out, F9 (Flyball, 9M)
Batting: SHB Edgardo Osorio 0-0: DOUBLE (Groundball, 3L)
António López to third
Runner from 3rd tries for Home, SAFE, no throw or cutoff
Batting: RHB Alfredo López 0-0: Ball
1-0: Called Strike
1-1: SINGLE (Groundball, 6M) (infield hit)
Edgardo Osorio to third
Batting: RHB Juan Costello 0-0: Foul Ball, location: 2F
Error on foul ball, E2
0-2: Foul Ball, location: 2F
0-2: Ball
1-2: Strikes out looking
Bottom of the 3rd over - 1 run(s), 2 hit(s), 1 error(s), 2 left on base; Cincinnati 0 - Bemidji 2
TOP OF THE 4TH
Cincinnati Pride batting - Pitching for Bemidji Benders : RHP David Nanod
Batting: RHB Leonardo Pinto 0-0: Ball
1-0: Ball
2-0: Called Strike
2-1: Foul Ball, location: 2F
2-2: Ball
3-2: Base on Balls
Batting: SHB Nick Marshall 0-0: Ball
1-0: Ball
2-0: DOUBLE (Flyball, 78XD)
Leonardo Pinto to third
Batting: LHB Ricardo Brandariz 0-0: Ball
1-0: Fly out, F6 (Popup, 5D)
Batting: RHB Gabriel Villegas 0-0: Ball
1-0: Ball
2-0: Ball
3-0: Called Strike
3-1: Foul Ball, location: 2F
3-2: 3-RUN HOME RUN (Flyball, 7D), Distance : 366 ft
Batting: RHB Wilson Flores 0-0: Called Strike
0-1: Swinging Strike
0-2: Strikes out swinging
Batting: RHB António Flores 0-0: Ball
1-0: Foul Ball, location: 2F
1-1: Ball
2-1: Ball
3-1: Reached on error, E5 (Groundball, 5S)
Batting: RHB Larry Booth 0-0: Swinging Strike
0-1: Called Strike
0-2: Strikes out swinging
Top of the 4th over - 3 run(s), 2 hit(s), 1 error(s), 1 left on base; Cincinnati 3 - Bemidji 2
BOTTOM OF THE 4TH
Bemidji Benders batting - Pitching for Cincinnati Pride : RHP Jesús Martínez
Batting: RHB Javier Hernández 0-0: SINGLE (Groundball, 13) (infield hit)
Batting: RHB Ángel Garza 0-0: Ball
1-0: Called Strike
1-1: Fly out, F4 (Popup, 4)
Batting: RHB Roberto Solís 0-0: Foul Ball, location: 2F
0-1: Ball
1-1: Fly out, F8 (Flyball, 8LM)
Batting: RHB Júlio Valdés 0-0: Foul Ball, location: 2F
0-1: Ball
1-1: Swinging Strike
1-2: Ground out 6-3 (Groundball, 6)
Bottom of the 4th over - 0 run(s), 1 hit(s), 0 error(s), 1 left on base; Cincinnati 3 - Bemidji 2
TOP OF THE 5TH
Cincinnati Pride batting - Pitching for Bemidji Benders : RHP David Nanod
Batting: RHB Norris Howard 0-0: SINGLE (Groundball, 6MD)
Batting: RHB Roberto Chávez 0-0: Ball
1-0: Foul Ball, location: 2F
1-1: Ball
2-1: Ball
3-1: Foul Ball, location: 2F
3-2: Foul Ball, location: 2F
3-2: Strikes out swinging
Batting: RHB Leonardo Pinto 0-0: Ball
1-0: Called Strike
1-1: Ball
2-1: TRIPLE (Groundball, 3L)
Norris Howard scores
Batting: SHB Nick Marshall 0-0: Ball
1-0: Ball
2-0: Ball
3-0: Called Strike
3-1: Swinging Strike
3-2: Strikes out swinging
Batting: LHB Ricardo Brandariz 0-0: Called Strike
0-1: Called Strike
0-2: SINGLE (Line Drive, 78S)
Leonardo Pinto scores
Batting: RHB Gabriel Villegas 0-0: Foul Ball, location: 2F
0-1: Ball
1-1: Reached on error, E5 (Groundball, 56)
Ricardo Brandariz to second
Batting: RHB Wilson Flores 0-0: Called Strike
0-1: Foul Ball, location: 2F
0-2: Foul Ball, location: 2F
0-2: Foul Ball, location: 2F
0-2: Foul Ball, location: 2F
0-2: Ball
1-2: Fly out, F6 (Popup, 6MD)
Top of the 5th over - 2 run(s), 3 hit(s), 1 error(s), 2 left on base; Cincinnati 5 - Bemidji 2
BOTTOM OF THE 5TH
Bemidji Benders batting - Pitching for Cincinnati Pride : RHP Jesús Martínez
Batting: RHB António López 0-0: Called Strike
0-1: Ball
1-1: Foul Ball, location: 2F
1-2: Strikes out swinging
Batting: RHB Gabriel Stout 0-0: Fly out, F7 (Flyball, 7M)
Batting: SHB Edgardo Osorio 0-0: Ball
1-0: Called Strike
1-1: Ball
2-1: Swinging Strike
2-2: SINGLE (Groundball, 6MD)
Batting: RHB Alfredo López 0-0: Ball
1-0: Foul Ball, location: 2F
1-1: Ground out 5-3 (Groundball, 6)
Bottom of the 5th over - 0 run(s), 1 hit(s), 0 error(s), 1 left on base; Cincinnati 5 - Bemidji 2
TOP OF THE 6TH
Cincinnati Pride batting - Pitching for Bemidji Benders : LHP José Travez
Pitching: LHP José Travez
Batting: RHB António Flores 0-0: Ball
1-0: Foul Ball, location: 2F
1-1: Fly out, F5 (Line Drive, 5)
Batting: RHB Larry Booth 0-0: Called Strike
0-1: Called Strike
0-2: Ball
1-2: Foul Ball, location: 2F
1-2: Ball
2-2: Fly out, F9 (Flyball, 9M)
Batting: RHB Norris Howard 0-0: Called Strike
0-1: Ball
1-1: Foul Ball, location: 2F
1-2: Ball
2-2: Strikes out swinging
Top of the 6th over - 0 run(s), 0 hit(s), 0 error(s), 0 left on base; Cincinnati 5 - Bemidji 2
BOTTOM OF THE 6TH
Bemidji Benders batting - Pitching for Cincinnati Pride : RHP Jesús Martínez
Batting: RHB Juan Costello 0-0: Ball
1-0: Ball
2-0: Ball
3-0: Called Strike
3-1: Base on Balls
Batting: RHB Javier Hernández 0-0: Called Strike
0-1: Swinging Strike
0-2: Strikes out swinging
Batting: RHB Ángel Garza 0-0: Ball
1-0: Called Strike
1-1: Ball
2-1: SINGLE (Line Drive, 6MD)
Juan Costello to second
Batting: RHB Roberto Solís 0-0: Called Strike
0-1: Ball
1-1: Fly out, F4 (Popup, 3F)
Pitching: RHP Tomás Pagán
Batting: RHB Júlio Valdés 0-0: Swinging Strike
0-1: Ball
1-1: Called Strike
1-2: Ball
2-2: Ball
3-2: Strikes out swinging
Bottom of the 6th over - 0 run(s), 1 hit(s), 0 error(s), 2 left on base; Cincinnati 5 - Bemidji 2
TOP OF THE 7TH
Cincinnati Pride batting - Pitching for Bemidji Benders : LHP José Travez
Batting: RHB Roberto Chávez 0-0: Swinging Strike
0-1: Ball
1-1: Swinging Strike
1-2: Ball
2-2: Foul Ball, location: 2F
2-2: Ball
3-2: Foul Ball, location: 2F
3-2: Strikes out swinging
Batting: RHB Leonardo Pinto 0-0: Swinging Strike
0-1: Ground out 4-3 (Groundball, 4)
Batting: SHB Nick Marshall 0-0: Ball
1-0: Fly out, F7 (Flyball, 7M)
Top of the 7th over - 0 run(s), 0 hit(s), 0 error(s), 0 left on base; Cincinnati 5 - Bemidji 2
BOTTOM OF THE 7TH
Bemidji Benders batting - Pitching for Cincinnati Pride : RHP Tomás Pagán
Batting: RHB António López 0-0: Bunt missed!
0-1: Ball
1-1: Ball
2-1: Called Strike
2-2: SINGLE (Groundball, 5L)
Batting: RHB Gabriel Stout 0-0: Swinging Strike
0-1: Called Strike
0-2: Ball
1-2: Strikes out swinging
Batting: SHB Edgardo Osorio 0-0: Ball
António López steals 2nd base
1-0: Ball
2-0: Called Strike
2-1: SINGLE (Groundball, 34D)
António López to third
Runner from 3rd tries for Home, SAFE, no throw or cutoff
Batting: RHB Alfredo López 0-0: Ball
Edgardo Osorio is caught stealing 2nd base
1-0: Ball
2-0: Foul Ball, location: 2F
2-1: Foul Ball, location: 2F
2-2: Strikes out looking
Bottom of the 7th over - 1 run(s), 2 hit(s), 0 error(s), 0 left on base; Cincinnati 5 - Bemidji 3
TOP OF THE 8TH
Cincinnati Pride batting - Pitching for Bemidji Benders : LHP José Travez
Batting: LHB Ricardo Brandariz 0-0: Called Strike
0-1: Ball
1-1: Foul Ball, location: 2F
1-2: Strikes out swinging, 2-3 out at first.
Pitching: LHP David Taylor
Batting: RHB Gabriel Villegas 0-0: Ball
1-0: Ball
2-0: Called Strike
2-1: Foul Ball, location: 2F
2-2: Strikes out swinging
Batting: RHB Wilson Flores 0-0: Ball
1-0: Ball
2-0: Called Strike
2-1: Called Strike
2-2: Strikes out swinging
Top of the 8th over - 0 run(s), 0 hit(s), 0 error(s), 0 left on base; Cincinnati 5 - Bemidji 3
BOTTOM OF THE 8TH
Bemidji Benders batting - Pitching for Cincinnati Pride : RHP Tomás Pagán
Batting: RHB Juan Costello 0-0: Called Strike
0-1: Foul Ball, location: 2F
0-2: Ball
1-2: Strikes out swinging
Batting: RHB Javier Hernández 0-0: Ball
1-0: Ground out 6-3 (Groundball, 6M)
Batting: RHB Ángel Garza 0-0: Ball
1-0: Foul Ball, location: 2F
1-1: Swinging Strike
1-2: Ball
2-2: Ground out 5-3 (Groundball, 56)
Bottom of the 8th over - 0 run(s), 0 hit(s), 0 error(s), 0 left on base; Cincinnati 5 - Bemidji 3
TOP OF THE 9TH
Cincinnati Pride batting - Pitching for Bemidji Benders : LHP David Taylor
Batting: RHB António Flores 0-0: Swinging Strike
0-1: Ball
1-1: Fly out, F7 (Flyball, 78XD)
Batting: RHB Larry Booth 0-0: Swinging Strike
0-1: Foul Ball, location: 2F
0-2: Ball
1-2: Strikes out looking
Batting: RHB Norris Howard 0-0: Ball
1-0: Ball
2-0: Called Strike
2-1: Fly out, F6 (Popup, 6MD)
Top of the 9th over - 0 run(s), 0 hit(s), 0 error(s), 0 left on base; Cincinnati 5 - Bemidji 3
BOTTOM OF THE 9TH
Bemidji Benders batting - Pitching for Cincinnati Pride : RHP Tomás Pagán
Pitching: RHP Eusébio Lagarto
Batting: RHB Roberto Solís 0-0: Called Strike
0-1: Called Strike
0-2: Strikes out swinging
Batting: RHB Júlio Valdés 0-0: Swinging Strike
0-1: Foul Ball, location: 2F
0-2: Strikes out swinging
Batting: RHB António López 0-0: Swinging Strike
0-1: Ball
1-1: Foul Ball, location: 2F
1-2: Ball
2-2: Strikes out swinging
Bottom of the 9th over - 0 run(s), 0 hit(s), 0 error(s), 0 left on base; Cincinnati 5 - Bemidji 3
This league is powered by Out of the Park Baseball, the baseball management simulation game for PC, Mac and Linux
Wednesday, December 2nd, 2015 - OOTP Baseball 16.8 Build 38